 Dungeon Crawl Stone Soup version 0.20-a0-656-g9b0dcd9 (webtiles) character file.

209 rgaf the Insei (level 5, -1/37 HPs)
             Began as a Vine Stalker Transmuter on Feb 16, 2017.
             Slain by a killer bee (5 damage)
             ... on level 2 of the Dungeon.
             The game lasted 00:01:44 (1667 turns).

rgaf the Insei (Vine Stalker Transmuter)            Turns: 1667, Time: 00:01:44

Health: -1/37      AC: 22    Str: 12    XL:     5   Next: 87%
Magic:  0/9        EV:  2    Int: 14    God:
Gold:   116        SH:  0    Dex: 15    Spells: 7/8 levels left

rFire    . . .     SeeInvis .     - Unarmed
rCold    . . .     Gourm    .   (armour currently unavailable)
rNeg     + + +     Faith    .   (no shield)
rPois    +         Spirit   +   (helmet currently unavailable)
rElec    .         Reflect  .   (cloak currently unavailable)
rCorr    +         Harm     .   (gloves currently unavailable)
MR       .....     NoTele   +   (boots currently unavailable)
Stlth    +.........             (no amulet)
Regen    0.6/turn               (no ring)
MPRegen  0.2/turn               q - ring of resist corrosion

@: tree-form
A: (fangs 0), regeneration 1, magic shield, (antimagic bite), no potion heal 3,
rot immunity
a: no special abilities


You were on level 2 of the Dungeon.
You were hungry.
You were a tree.
You visited 1 branch of the dungeon, and saw 3 of its levels.

You collected 116 gold pieces.

Inventory:

Missiles
 a - 12 arrows
 p - 45 stones (quivered)
Armour
 b - a +0 robe
 i - a +0 ring mail (melded)
Jewellery
 q - a ring of resist corrosion (left branch)
Scrolls
 g - 3 scrolls of identify {unknown}
 j - 2 scrolls of remove curse {unknown}
 l - a scroll of amnesia {unknown}
 o - a scroll of enchant weapon {unknown}
 r - a scroll of recharging {unknown}
Potions
 e - a potion of curing {unknown}
 k - a potion of haste {unknown}
 m - a potion of ambrosia {unknown}
 n - a potion of might {unknown}
Books
 c - a book of Changes

   Spells                             Type                      Level
   a - Beastly Appendage              Transmutation                1
   b - Sticks to Snakes               Transmutation                2
   c - Spider Form                    Transmutation/Poison         3
   d - Ice Form                       Ice/Transmutation            4
   e - Blade Hands                    Transmutation                5
Comestibles
 d - 3 bread rations
 f - 6 fruits
 s - a meat ration


   Skills:
 - Level 0.8 Fighting
 - Level 1.5 Dodging
 + Level 6.3 Unarmed Combat
 - Level 2.1 Spellcasting
 - Level 2.0 Transmutations


You had 7 spell levels left.
You knew the following spells:

 Your Spells              Type           Power        Failure   Level  Hunger
a - Beastly Appendage     Tmut           #.....       12%         1    #......


Dungeon Overview and Level Annotations

Branches:
Dungeon (3/15)

Altars:
Elyvilon


Innate Abilities, Weirdness & Mutations

((You have extremely sharp teeth.))
Your natural rate of healing is unusually fast.
When hurt, damage is shared between your health and your magic reserves.
((Your bite disrupts and absorbs the magic of your enemies.))
Potions cannot restore your health.
You are immune to rotting.


Message History

All of the chunks of flesh in your inventory have rotted away.
You are too injured to fight recklessly!
You are too injured to fight recklessly!
You punch the killer bee!
The killer bee is heavily wounded.
The killer bee stings you!
* * * LOW HITPOINT WARNING * * *
You are feeling hungry.
You miss the killer bee. Your bite misses the killer bee.
The killer bee is heavily wounded.
The killer bee stings you but does no damage.
The killer bee stings you.
* * * LOW HITPOINT WARNING * * *
You turn into a tree.
Your +0 ring mail melds into your body.
Your roots penetrate the ground.
The killer bee stings you but does no damage. x2
You smack the killer bee!
The killer bee is almost dead.
The killer bee stings you.
You die...

.#### #.######.# .#
#####.....##.# .#
#............######### .#
#....#..#.##.#.......# .##
#.##>#..#.##.#.#####.#
..####.##.........#.#...#.###
.......###...####.#.#.......#####
..####...(...####.#.#...#.#......
##########.....y♣.#.......#######
..)..# #.###########.#### ####.#
##.## #.# ####.# #...# #.# ..##.#
#...# #.####### #.##.# #...#
#.......#### .....####...#####
#........... #.###...........###
##........... ..................#
#............


You could see a killer bee.

Vanquished Creatures
  Sigmund (D:2)
  An adder (D:2)
  A worm (D:2)
  3 dart slugs (D:1)
  A leopard gecko (D:2)
  4 giant cockroaches
  3 goblins
  A hobgoblin (D:1)
  7 jackals
  6 kobolds
  A ball python (D:2)
  3 bats
  2 frilled lizards (D:1)
  3 rats
37 creatures vanquished.

Notes
Turn   | Place    | Note
-------+----------+-------------------------------------------
     0 | D:1      | rgaf the Vine Stalker Transmuter began the quest for the Orb.
     0 | D:1      | Reached XP level 1. HP: 9/9 MP: 4/4
   175 | D:1      | Reached XP level 2. HP: 11/14 MP: 6/6
   493 | D:1      | Reached skill level 4 in Unarmed Combat
   502 | D:1      | Reached XP level 3. HP: 9/17 MP: 5/7
  1066 | D:2      | Found a white marble altar of Elyvilon.
  1301 | D:2      | Noticed Sigmund
  1319 | D:2      | Killed Sigmund
  1319 | D:2      | Reached skill level 6 in Unarmed Combat
  1319 | D:2      | Gained mutation: Your natural rate of healing is unusually fast. [Vine Stalker growth]
  1319 | D:2      | Reached XP level 4. HP: 3/21 MP: 8/8
  1319 | D:2      | Reached XP level 5. HP: 3/25 MP: 9/9
  1667 | D:2      | Slain by a killer bee

Vault maps used:
D:1:      sevenhm_arrival_forest_fort_large_4
D:2:      elyvilon_altar_4, nrook_uturn, uniq_sigmund
D:3:      amethyst_overflow_temple_binary

Skill      XL: |  1  2  3 |
---------------+----------+-----
Unarmed Combat | 4 6 |  6.3
Fighting       | |  0.8
Dodging        | |  1.5
Spellcasting   | |  2.1
Transmutations | |  2.0

Action                   |  1- 3 |  4- 6 || total
-------------------------+-------+-------++-------
Melee: Unarmed           |   118 |    29 ||   147
       Bite              |    34 |     7 ||    41
       Punch             |     4 |     3 ||     7
  Use: Potion            |     1 |     1 ||     2
  Eat: Chunk             |     1 |     1 ||     2
Armor: Robe              |     4 |       ||     4
       Ring mail         |    32 |    10 ||    42
       Skin              |     4 |     2 ||     6
Dodge: Dodged            |    57 |    13 ||    70
